 Dungeon Crawl Stone Soup version 0.27.1-4-g1640c2035a (webtiles) character file.

Game seed: 3827787923497974835

749 Gunterle the Bolt Thrower (level 7, -8/54 HPs)
             Began as a Minotaur Hunter on Nov 18, 2021.
             Mangled by an orc warrior (15 damage)
             ... on level 6 of the Dungeon.
             The game lasted 00:14:02 (6200 turns).

Gunterle the Bolt Thrower (Minotaur Hunter)         Turns: 6200, Time: 00:14:02

Health: -8/54      AC:  7    Str: 17    XL:     7   Next: 48%
Magic:  6/6        EV: 12    Int:  8    God:
Gold:   262        SH:  0    Dex: 12    Spells: 6/6 levels left

rFire    . . .     SeeInvis .   a - +1 hand crossbow
rCold    + . .     Faith    .   (no shield)
rNeg     . . .     Spirit   .   l - +0 ring mail
rPois    .         Reflect  .   (helmet restricted)
rElec    .         Harm     .   (no cloak)
rCorr    .         Rampage  .   p - +0 pair of gloves
Will     +....                  (no boots)
Stlth    +.........             (no amulet)
HPRegen  0.18/turn              K - ring of protection from cold
MPRegen  0.10/turn              G - ring of willpower

@: no status effects
A: horns 2, retaliatory headbutt, frail 1
a: no special abilities


You were on level 6 of the Dungeon.
You visited 1 branch of the dungeon, and saw 7 of its levels.

You collected 262 gold pieces.

Inventory:

Hand Weapons
 a - a +1 hand crossbow (weapon)
 b - a +1 dagger of draining
 c - a +0 hand crossbow
 v - a +0 double sword
 B - a +0 halberd
Missiles
 d - 67 bolts (quivered ammo)
 e - 17 sling bullets
 g - 201 stones
 u - 7 curare-tipped darts
 D - 52 arrows
Armour
 l - a +0 ring mail (worn)
 p - a +0 pair of gloves (worn)
 y - a +0 leather armour
 A - a +0 plate armour
Jewellery
 i - a ring of wizardry
 s - a ring of wizardry
 w - a ring of fire
 G - a ring of willpower (right hand)
 K - a ring of protection from cold (left hand)
 L - a ring of flight
Wands
 k - a wand of flame (17)
 F - a wand of paralysis (4)
 I - a wand of digging (3)
Scrolls
 r - a scroll of summoning {unknown}
 t - a scroll of immolation {unknown}
 x - a scroll of amnesia {unknown}
 C - a scroll of magic mapping
 H - a scroll of teleportation {unknown}
 J - a scroll of noise {unknown}
Potions
 f - 4 potions of cancellation
 h - 2 potions of magic
 j - 2 potions of flight
 n - 3 potions of curing
 q - a potion of ambrosia {unknown}
 z - a potion of might {unknown}
 E - a potion of invisibility {unknown}


   Skills:
 + Level 4.9 Fighting
 * Level 7.3 Crossbows
 + Level 4.2 Armour
 + Level 4.5 Dodging
 - Level 0.7 Stealth


You had 6 spell levels left.
You didn't know any spells.
Your spell library contained the following spells:

 Spells                   Type           Power      Damage    Failure   Level
 Summon Small Mammal      Summ           0%         N/A       58%         1
 Slow                     Hex            0%         N/A       75%         2
 Static Discharge         Conj/Air       0%         N/A       75%         2
 Call Canine Familiar     Summ           0%         N/A       92%         3
 Confusing Touch          Hex            0%         N/A       92%         3
 Summon Guardian Golem    Hex/Summ       0%         N/A       92%         3
 Vampiric Draining        Necr           0%         2d6       92%         3
 Dispel Undead            Necr           0%         3d6       100%        4
 Sticky Flame             Conj/Fire      0%         2d3       100%        4


Dungeon Overview and Level Annotations

Branches:
Dungeon (7/15)
 Temple: D:4-7

Altars:
Dithmenos
Gozag
Xom
Yredelemnul
Zin

Annotations:
D:3 3 runed translucent doors, kalagan's ghost, amateur DECj
D:4 1 runed translucent door
D:7 Joseph


Innate Abilities, Weirdness & Mutations

You have a pair of horns on your head.
You reflexively headbutt those who attack you in melee.
You are frail. (-10% HP)


Message History

You headbutt the orc warrior.
Fire: 70 bolts
Press: ? - help, Q - select action, (/) - cycle Shift-Dir - straight line, f/p - sky beast
Aim: a sky beast (moderately wounded, 58% to hit)
Marked for pickup.
You shoot a bolt. The bolt hits the sky beast.
The sky beast is heavily wounded.
The sky beast hits you. The sky beast shocks you.
The orc warrior barely misses you. You furiously retaliate!
You headbutt the orc warrior.
Fire: 69 bolts
Press: ? - help, Q - select action, (/) - cycle Shift-Dir - straight line, f/p - sky beast
Aim: a sky beast (heavily wounded, 58% to hit)
You shoot a bolt. The bolt closely misses the sky beast.
The sky beast barely misses you.
The orc warrior hits you with a +0 halberd!!
Fire: 68 bolts
Press: ? - help, Q - select action, (/) - cycle Shift-Dir - straight line, f/p - sky beast
Aim: a sky beast (heavily wounded, 58% to hit)
You shoot a bolt. The bolt barely misses the sky beast.
The sky beast barely misses you.
The orc warrior hits you with a +0 halberd!!
* * * LOW HITPOINT WARNING * * *
Okay, then.
This is a scroll of acquirement!
You see here a manual of Fighting.
Something appears at your feet!
The sky beast hits you but does no damage.
The orc warrior barely misses you.
Unknown command.
It was a potion of curing.
You feel better.
The sky beast flickers out of sight!
Deactivating autopickup; reactivate with Ctrl-A.
Something hits you but does no damage.
The orc warrior hits you with a +0 halberd!
* * * LOW HITPOINT WARNING * * *
It was a potion of mutation.
You feel extremely strange.
You feel frail. Something hits you but does no damage.
The orc warrior hits you with a +0 halberd!
You die...

##########
##################
.........#
#................#
##.#####.#
#.##############.#
#.# ##.# #o# #.#
#.# ##..# #@# #.#
##.###...#######{#
#.#
#.[............#.#
#.#
#..###...#####<#.#
#.# #..# ##.##
#.#.# #.#
#..####.# #.#.#
#.# #.....#.#
#.#.# #.#
#.###.#.# #..(#
#.# #.###.#.#
##### #.#


You could see an orc warrior.

Vanquished Creatures
  A necrophage (D:6)
  A kobold brigand (D:6)
  A scorpion (D:7)
  A centaur zombie (D:5)
  A hound (D:6)
  A jelly (D:5)
  4 orc priests
  A centaur skeleton (D:7)
  2 iguanas
  3 orc wizards
  A killer bee zombie (D:4)
  A hound zombie (D:5)
  A gnoll (D:5)
  3 adders
  3 shadow imps
  A white imp (D:6)
  A worm (D:2)
  3 dart slugs
  5 orcs
  8 ball pythons
  3 endoplasms
  2 giant cockroaches
  5 goblins
  2 hobgoblins
  3 jackals (D:1)
  4 quokkas
  6 bats
  2 frilled lizards
  A goblin zombie (D:4)
  10 kobolds
  3 rats
84 creatures vanquished.

Vanquished Creatures (others)
  A plant (D:5)
1 creature vanquished.

Grand Total: 85 creatures vanquished

Notes
Turn   | Place    | Note
-------+----------+-------------------------------------------
     0 | D:1      | Gunterle the Minotaur Hunter began the quest for the Orb.
     0 | D:1      | Reached XP level 1. HP: 18/18 MP: 0/0
   180 | D:1      | Reached XP level 2. HP: 25/25 MP: 1/1
   266 | D:1      | Reached skill level 1 in Armour
   772 | D:2      | Reached XP level 3. HP: 30/30 MP: 2/2
   959 | D:2      | Found an opulent altar of Gozag.
  1588 | D:3      | Found an opulent altar of Gozag.
  1599 | D:3      | Reached skill level 5 in Crossbows
  1841 | D:3      | Found a faded altar of an unknown god.
  1912 | D:3      | Found a glowing silver altar of Zin.
  1994 | D:3      | Found a runed translucent gate.
  1996 | D:3      | Found a runed translucent gate.
  1996 | D:3      | Found an opulent altar of Gozag.
  1997 | D:3      | Found a runed translucent gate.
  1997 | D:3      | Noticed a bullfrog
  1998 | D:3      | Noticed a kobold brigand
  1998 | D:3      | Noticed kalagan's ghost (amateur DECj)
  2082 | D:4      | Reached XP level 4. HP: 29/38 MP: 3/3
  2341 | D:4      | Found a shimmering altar of Xom.
  2522 | D:4      | Found a shadowy altar of Dithmenos.
  2604 | D:4      | Found a runed translucent door.
  2604 | D:4      | Noticed a human
  2609 | D:4      | Found a basalt altar of Yredelemnul.
  3216 | D:5      | Entered Level 5 of the Dungeon
  3221 | D:4      | Reached XP level 5. HP: 39/45 MP: 4/4
  3831 | D:5      | Reached skill level 6 in Crossbows
  4238 | D:5      | Reached XP level 6. HP: 42/52 MP: 5/5
  5246 | D:6      | Reached XP level 7. HP: 52/60 MP: 6/6
  5385 | D:6      | Reached skill level 7 in Crossbows
  5810 | D:7      | Noticed Joseph
  6198 | D:6      | Identified a scroll of acquirement
  6198 | D:6      | Acquired a manual of Fighting
  6200 | D:6      | Gained mutation: You are frail. (-10% HP) [potion of
                  | mutation]
  6200 | D:6      | Mangled by an orc warrior

Illustrated notes

Levels and vault maps discovered:
D:1:      dpeg_arrival_connections, layout_rooms
D:2:      layout_loops_corners, basic_altar, serial_bayou_crossing
D:3:      layout_rooms, pdpol_temple_overflow_zin_treasury_gozag_greed,
          ebering_ghost_gozag, hellmonk_ecumenical_altar_pennies_from_heaven
D:4:      layout_basic, dk_yredelemnul_ordeal, mainiacjoe_overflow_chevrons,
          nicolae_overflow_crystal_walls
D:5:      wad_lake_hut, layout_gridville
D:6:      layout_loops_ring
D:7:      layout_rooms, general_overflow_altar, gammafunk_temple_overflow_wave,
          minmay_temple_entry_junction_2, minmay_ruffians, uniq_joseph

Skill      XL: |  1  2  3  4  5  6  7 |
---------------+----------------------+-----
Armour         | 1 2 3 4 |  4.2
Crossbows      | 5 6 7 |  7.3
Fighting       | 3 4 |  4.9
Dodging        | 3 4 |  4.5
Stealth        | |  0.7

Action                   |  1- 3 |  4- 6 |  7- 9 || total
-------------------------+-------+-------+-------++-------
Melee: Dagger            |    66 |   133 |    46 ||   245
       Headbutt          |    11 |    21 |     6 ||    38
 Fire: Hand crossbow     |     3 |    15 |     9 ||    27
Evoke: Wand              |     1 |       |     3 ||     4
  Use: Scroll            |     2 |     2 |     1 ||     5
       Potion            |       |       |     2 ||     2
 Stab: Sleeping          |     2 |       |       ||     2
Armor: Leather armour    |    15 |    39 |       ||    54
       Ring mail         |       |     5 |    20 ||    25
Dodge: Dodged            |    34 |    84 |    38 ||   156
